 Dungeon Crawl Stone Soup version 0.26-a0-611-g354ed81 (webtiles) character file.

Game seed: 16179701049093348775

53 Blackhawk the Skirmisher (level 3, -2/29 HPs)
             Began as a Demonspawn Abyssal Knight on Sept 5, 2020.
             Was a Follower of Lugonu.
             Slain by a gnoll
             ... wielding a +0 flail
              (8 damage)
             ... on level 1 of the Dungeon.
             The game lasted 00:03:30 (1175 turns).

Blackhawk the Skirmisher (DsAK)                     Turns: 1175, Time: 00:03:30

Health: -2/29      AC:  9    Str: 13    XL:     3   Next: 64%
Magic:  5/5        EV:  6    Int: 13    God:    Lugonu [*.....]
Gold:   97         SH:  0    Dex: 12    Spells: 2/2 levels left

rFire    . . .     SeeInvis .   e - +0 battleaxe
rCold    . . .     Faith    .   (shield currently unavailable)
rNeg     . . .     Spirit   .   h - +0 chain mail
rPois    .         Reflect  .   d - +0 helmet
rElec    .         Harm     .   (no cloak)
rCorr    .                      (no gloves)
MR       .....                  (no boots)
Stlth    ..........             (no amulet)
HPRegen  0.09/turn              (no ring)
MPRegen  0.09/turn              (no ring)

@: no status effects
A: hooves 1
a: Depart the Abyss, Renounce Religion


You were on level 1 of the Dungeon.
You worshipped Lugonu.
Lugonu was aware of your devotion.
You visited 1 branch of the dungeon, and saw 2 of its levels.
You visited the Abyss 1 time.

You collected 97 gold pieces.

Inventory:

Hand Weapons
 a - a +1 hand axe
 e - a +0 battleaxe (weapon)
Missiles
 g - 33 poisoned darts (quivered)
Armour
 b - a +0 leather armour
 d - a +0 helmet (worn)
 h - a +0 chain mail (worn)
Jewellery
 n - an uncursed ring of see invisible {unknown}
Scrolls
 c - a scroll of enchant weapon {unknown}
 i - 2 scrolls of identify {unknown}
 o - a scroll of random uselessness {unknown}
Potions
 f - a potion of might {unknown}
 j - a potion of flight {unknown}
 k - a potion of degeneration {unknown}
 l - 3 potions of magic {unknown}
 m - a potion of lignification {unknown}
 p - a potion of curing {unknown}
 q - a potion of haste {unknown}


   Skills:
 + Level 3.3 Fighting
 * Level 2.5 Axes
 + Level 2.1 Armour
 + Level 1.4 Dodging
 + Level 3.1 Invocations


You had 2 spell levels left.
You didn't know any spells.
Your spell library was empty.

Dungeon Overview and Level Annotations

Branches:
Dungeon (2/15)

Altars:


Innate Abilities, Weirdness & Mutations

You have large cloven feet.


Message History

The goblin hits you but does no damage. The goblin barely misses you.
You see here a giant cockroach corpse.
You hit the gnoll but do no damage. Your kick misses the gnoll.
The gnoll hits you with a +0 flail. The goblin hits you but does no damage.
A gnoll comes into view.
The gnoll shouts!
You slash the goblin!
You kill the goblin!
Lugonu accepts your kill.
You barely miss the gnoll. The gnoll hits you with a +0 flail!
There is a stone staircase leading up here.
The gnoll hits you with a +0 flail.
* * * LOW HITPOINT WARNING * * *
You climb upwards.
There is a stone staircase leading down here.
Your chain mail prevents you from hitting the gnoll.
The gnoll barely misses you. The gnoll hits you with a +0 flail.
* * * LOW HITPOINT WARNING * * *
You barely miss the gnoll. The gnoll hits you with a +0 flail!
You die...

#..# #.#.# ##.########.#.##
#..# #.#.# #.# #..........
#..#####.#.#####.###.###.##.##
#...(............##.#.##.##.#
#.######..####.....###....#.#
#.######..####.####[#.##..#.#
#.#............# ##.###).#.#
####.#.####..###..# #.# #..#.##
.......####..#
#@g#####.###....#.
###.#........#
#........#.....##.
#...#####..####.#######.###.##.
##### #.......# #.....# #....
#.####..# #†###.###....
#.####..###.###.....###
#........[.....#...##
######.########.#.##
#..........).#


You could see a gnoll.

Vanquished Creatures
  An adder (D:2)
  A gnoll (D:2)
  An ooze (D:1)
  A worm (D:2)
  A dart slug (D:1)
  A leopard gecko (D:1)
  A giant cockroach (D:2)
  8 goblins
  A hobgoblin (D:1)
  3 kobolds
  A ball python (D:1)
  2 bats
  2 frilled lizards (D:1)
  2 rats (D:1)
26 creatures vanquished.

Vanquished Creatures (others)
  2 starspawn tentacles (Abyss:3)
2 creatures vanquished.

Grand Total: 28 creatures vanquished

Notes
Turn   | Place    | Note
-------+----------+-------------------------------------------
     0 | Abyss:1  | Blackhawk the Demonspawn Abyssal Knight began the quest for
                  | the Orb.
     0 | Abyss:1  | Reached XP level 1. HP: 18/18 MP: 2/2
    80 | Abyss:1  | Noticed a neqoxec
    91 | Abyss:2  | Noticed a raiju
    99 | Abyss:3  | Found a corrupted altar of Lugonu.
   101 | Abyss:3  | Noticed a tentacled starspawn
   137 | D:1      | Escaped the Abyss
   164 | D:1      | Reached skill level 1 in Dodging
   311 | D:1      | Gained mutation: You have large cloven feet. [demonic
                  | ancestry]
   311 | D:1      | Reached XP level 2. HP: 21/24 MP: 3/3
   363 | D:1      | Reached * piety under Lugonu
   970 | D:2      | Reached XP level 3. HP: 25/29 MP: 5/5
  1175 | D:1      | Slain by a gnoll

Illustrated notes

Levels and vault maps discovered:
D:1:      dpeg_arrival_tiny_a, layout_loops_ring
D:2:      layout_rooms, lemuel_crystal_altar, nicolae_overflow_hidden_temple,
          uniq_crazy_yiuf_cottage

Skill      XL: |  1  2 |
---------------+-------+-----
Dodging        | 1 |  1.4
Axes           | 2 |  2.5
Armour         | 2 |  2.1
Invocations    | 3 |  3.1
Fighting       | |  3.3

Action                   || total
-------------------------++-------
Melee: Battleaxe         ||    85
       Hand axe          ||     9
       Kick              ||    14
Throw: Dart              ||     2
Invok: Depart the Abyss  ||     1
Armor: Chain mail        ||    69
       Leather armour    ||     2
Dodge: Dodged            ||    40

Table legend: (Time is in decaauts)
 A = Elapsed time spent in this place.
 B = Non-inter-level travel time spent in this place.
 C = Inter-level travel time spent in this place.
 D = Time resting spent in this place.
 E = Time spent auto-exploring this place.
 F = Levels seen in this place.
 G = Mean time per level.
                   A        B        C        D        E       F      G
               +--------+--------+--------+--------+--------+-----+--------+
         Total |   1225 |   1211 |     14 |      0 |    855 |   5 |  245.0 |
       Dungeon |   1089 |   1075 |     14 |      0 |    790 |   2 |  544.5 |
         Abyss |    136 |    136 |      0 |      0 |     65 |   3 |   45.3 |
               +--------+--------+--------+--------+--------+-----+--------+

Top non-repeatable levels by time:
     D:1: 810 daAuts
     D:2: 279 daAuts
 Abyss:1: 81 daAuts
 Abyss:3: 45 daAuts
 Abyss:2: 9 daAuts
